Map: Ley Lines

Players

ManlyManMeat - Winner!

  • Race: Zerg Zerg
  • League: Diamond
  • Spawn Location: 1:00

Program

  • Race: Zerg Zerg
  • League: Diamond
  • Spawn Location: 7:00

VOD

Have the link to the VOD?

Description

Time

  • Played on: July 13, 2025, 4:25 p.m.
  • Length: 12:27
Show
View Real Time Build Order
Export as new Build Order

ManlyManMeat Zerg - Winner!

Build Orders: Hatch First, Zergling Baneling 

Get SALT Encoding   

  12  0:00  Drone  
  13  0:07  Drone  
  14  0:15  Drone, Extractor  
  15  0:23  Overlord  
  15  0:42  Drone  
  16  0:47  Hatchery  
  16  0:49  Drone  
  16  0:53  Drone  
  17  0:57  Drone  
  18  1:08  Extractor  
  17  1:14  Spawning Pool  
  16  1:19  Drone x2  
  18  1:26  Drone  
  19  1:38  Drone  
  20  2:00  Queen x2  
  24  2:01  Zergling x2  
  24  2:02  Zergling x2  
  24  2:03  Overlord  
  26  2:10  Metabolic Boost  
  26  2:17  Drone x2  
  28  2:27  Drone  
  28  2:28  Drone  
  30  2:40  Zergling x2  
  31  2:46  Baneling Nest  
  31  2:48  Hatchery  
  29  2:53  Zergling x2  
  29  2:56  Zergling x2  
  31  3:03  Drone x3  
  34  3:08  Zergling x2  
  33  3:31  Zergling x6  
  36  3:37  Overlord x2  
  36  3:41  Roach Warren  
  35  3:42  Baneling x3  
  35  3:47  Zergling x2  
  36  3:52  Extractor  
  35  3:58  Baneling x2  
  35  4:01  Baneling  
  35  4:02  Baneling  
  35  4:04  Drone x3  
  35  4:06  Drone x4  
  42  4:18  Zergling x4  
  42  4:19  Zergling x2  
  42  4:39  Zergling x6  
  42  4:44  Roach x5  
  54  4:45  Lair  
  54  4:50  Evolution Chamber  
  52  4:54  Baneling  
  52  4:55  Baneling  
  52  4:56  Baneling  
  52  5:13  Overlord x2  
  52  5:14  Drone x4  
  54  5:17  Drone  
  57  5:32  Zerg Missile Weapons Level 1  
  57  5:36  Extractor  
  57  5:37  Drone x3  
  57  5:40  Extractor  
  58  5:50  Roach  
  58  5:51  Roach x6  
  72  6:02  Roach  
  69  6:19  Glial Reconstitution  
  69  6:24  Roach  
  69  6:25  Roach x2  
  73  6:26  Overlord x2  
  73  6:33  Overlord x2  
  73  6:54  Roach x9  
  90  7:08  Drone x3  
  92  7:11  Queen  
  92  7:12  Roach  
  92  7:13  Roach  
  92  7:14  Ravager x2  
  99  7:16  Ravager  
  100  7:27  Drone x2  
  100  7:28  Drone x3  
  105  7:33  Overlord x2  
  105  7:47  Overlord x2  
  105  7:56  Roach x3  
  111  7:59  Drone x2  
  113  8:07  Ravager x2  
  113  8:08  Roach x3  
  121  8:25  Roach x5  
  129  8:39  Overlord x2  
  129  8:40  Overlord  
  128  8:52  Roach  
  128  8:53  Overlord x3, Roach  
  111  9:07  Roach x9  
  105  9:18  Roach x3  
  105  9:22  Ravager  
  112  9:30  Ravager  
  112  9:31  Ravager x3  
  104  9:40  Roach x6  
  104  9:50  Roach x2  
  91  10:03  Roach x4  
  99  10:09  Ravager  
  99  10:10  Ravager x2  
  102  10:15  Roach x3  
  108  10:26  Roach x7  
  122  10:35  Hatchery  
  121  10:44  Roach x2  
  121  10:45  Roach x6  
  137  10:51  Overseer  
  139  11:04  Roach x7  
  151  11:20  Roach x6  
  146  11:32  Roach  
  146  11:33  Roach x4  
  134  11:46  Ravager  
  129  11:47  Ravager  
  129  11:52  Extractor  
  129  11:53  Extractor  
  126  11:56  Ravager  
Show
View Real Time Build Order
Export as new Build Order

Program Zerg 

Build Orders: Hatch First 

Get SALT Encoding   

  12  0:00  Drone  
  13  0:12  Overlord  
  13  0:17  Drone  
  14  0:31  Drone x2  
  16  0:46  Hatchery  
  15  0:50  Drone  
  15  0:53  Drone  
  17  0:58  Drone  
  18  1:09  Extractor  
  17  1:13  Spawning Pool  
  17  1:15  Drone  
  17  1:19  Drone  
  18  1:28  Drone  
  19  1:38  Overlord  
  19  2:00  Queen x2  
  23  2:02  Zergling x6  
  26  2:10  Drone  
  26  2:12  Drone  
  26  2:14  Metabolic Boost  
  28  2:20  Drone  
  29  2:32  Drone  
  30  2:37  Hatchery  
  30  2:41  Drone  
  30  2:46  Baneling Nest  
  29  2:56  Drone x3  
  32  3:08  Drone x4  
  32  3:10  Overlord  
  35  3:27  Zergling x2  
  35  3:30  Baneling x2  
  35  3:31  Zergling x2, Baneling  
  35  3:32  Zergling x8  
  40  3:52  Drone  
  40  3:53  Drone x3  
  44  4:02  Drone x5  
  49  4:03  Overlord x2  
  49  4:15  Roach Warren  
  48  4:18  Drone x2  
  48  4:23  Evolution Chamber  
  48  4:24  Lair, Extractor  
  45  4:25  Extractor  
  45  4:28  Zergling x8  
  45  4:29  Zergling x4  
  46  4:50  Drone x3  
  46  4:51  Drone x3  
  52  4:54  Extractor  
  52  4:56  Baneling  
  50  5:00  Drone x6  
  50  5:01  Drone  
  56  5:08  Baneling  
  56  5:20  Zerg Missile Weapons Level 1  
  56  5:22  Roach  
  56  5:23  Roach x3  
  56  5:25  Overlord x2  
  56  5:26  Overlord x3  
  64  5:29  Extractor  
  64  5:35  Queen  
  65  5:45  Drone x2  
  65  5:46  Roach  
  65  5:47  Roach x5  
  79  5:54  Overseer  
  75  6:21  Drone  
  75  6:22  Drone x8  
  84  6:26  Ravager x2  
  84  6:27  Ravager  
  84  6:32  Glial Reconstitution  
  87  6:47  Roach x2  
  87  6:48  Roach x3  
  87  6:49  Overlord x3  
  87  6:53  Extractor  
  95  7:05  Queen  
  95  7:14  Drone x4  
  99  7:17  Drone x3  
  102  7:25  Zerg Missile Weapons Level 2  
  102  7:27  Roach x9  
  102  7:28  Hatchery  
  119  7:31  Zergling x2  
  119  7:33  Overseer  
  121  7:44  Hatchery  
  120  7:52  Overlord x3  
  121  7:58  Overlord  
  121  8:14  Hatchery  
  120  8:24  Roach x9  
  120  8:25  Roach x3  
  136  8:33  Roach Warren  
  129  8:37  Ravager x3  
  129  8:38  Ravager  
  129  8:39  Roach  
  134  8:41  Overlord x2  
  134  8:44  Zergling x14  
  80  9:15  Roach  
  80  9:16  Roach x10  
  81  9:29  Roach x3  
  84  9:38  Roach  
  84  9:39  Roach x2  
  87  9:56  Roach  
  87  9:57  Roach x2  
  89  10:06  Ravager  
  90  10:07  Ravager  
  90  10:08  Ravager  
  92  10:20  Roach  
  92  10:21  Roach x9  
  112  10:25  Roach  
  112  10:26  Roach x2  
  118  10:40  Roach x4  
  118  10:41  Roach x4  
  132  11:20  Roach x5  
  132  11:21  Roach x9  
  139  11:36  Roach x6  
  93  11:49  Ravager  
  93  11:50  Ravager x7  
  93  11:51  Ravager  
  93  11:52  Roach x4  
  104  12:00  Roach  
  118  12:01  Roach x6  
Tags
 
Matchup
ZvZ
Race
Zerg
Replay Pack
Myownreplay2
Spawn Locations
Cross Positions
Add a new tag
Caveats
  • Supply blocks, unpowered buildings, or Contaminate may cause inaccurate times.
  • Supply counts are checked every 10 seconds.